 Dungeon Crawl Stone Soup version 0.24-a0-447-ge8da9206dc (webtiles) character file.

Game seed: 2850087707333221194

8106 pk666 the Thaumaturge (level 11, -3/54 HPs)
             Began as a Deep Elf Wizard on June 25, 2019.
             Was a Priest of Vehumet.
             Engulfed by a steam dragon's steam (4 damage)
             ... on level 12 of the Dungeon.
             The game lasted 00:51:12 (17992 turns).

pk666 the Thaumaturge (Deep Elf Wizard)            Turns: 17992, Time: 00:51:13

Health: -3/54      AC:  5    Str:  4    XL:     11   Next: 5%
Magic:  14/28      EV: 17    Int: 27    God:    Vehumet [***...]
Gold:   754        SH:  0    Dex: 13    Spells: 21/33 levels left

rFire    . . .     SeeInvis .   N - +2 dagger (protect)
rCold    . . .     Gourm    .   (no shield)
rNeg     + . .     Faith    .   a - +0 robe
rPois    .         Spirit   .   b - +0 hat
rElec    .         Reflect  .   (no cloak)
rCorr    .         Harm     .   (no gloves)
MR       ++...                  O - +2 pair of boots of the Assassin {Detection Stab+ Stlth++}
Stlth    ++++......             (no amulet)
HPRegen  0.18/turn              G - ring of positive energy
MPRegen  0.21/turn              A - ring of protection from magic

@: no status effects
A: no striking features
a: Renounce Religion


You were on level 12 of the Dungeon.
You worshipped Vehumet.
Vehumet was most pleased with you.
You were not hungry.

You visited 3 branches of the dungeon, and saw 14 of its levels.

You collected 754 gold pieces.

Inventory:

Hand Weapons
 f - a +2 dagger of pain
 N - a +2 dagger of protection (weapon)
Armour
 a - a +0 robe (worn)
 b - a +0 hat (worn)
 D - a +0 troll leather armour
 O - the +2 pair of boots of the Assassin (worn) {Detection Stab+ Stlth++}
   (You found it on level 9 of the Dungeon)

   It makes you much more stealthy.
Magical Staves
 s - an uncursed staff of poison
 x - an uncursed staff of earth
Jewellery
 r - an uncursed ring of resist corrosion
 A - a ring of protection from magic (right hand)
 G - a ring of positive energy (left hand)
 L - a +6 ring of intelligence {unknown}
Wands
 B - a wand of scattershot (1)
 C - a wand of random effects (20)
 F - a wand of flame (22)
 H - a wand of enslavement (4)
 K - a wand of disintegration (11)
 P - a wand of iceblast (9)
Scrolls
 c - 13 scrolls of identify
 e - 4 scrolls of enchant armour {unknown}
 h - a scroll of torment {unknown}
 i - a scroll of enchant weapon {unknown}
 k - 3 scrolls of teleportation {unknown}
 n - 2 scrolls of blinking {unknown}
 o - 3 scrolls of amnesia {unknown}
 p - 5 scrolls of magic mapping {unknown}
 q - a scroll of random uselessness {unknown}
 u - 5 scrolls of remove curse {unknown}
 w - a scroll of fog {unknown}
 y - a scroll of noise {unknown}
 I - a scroll of vulnerability {unknown}
 M - a scroll of immolation {unknown}
Potions
 g - 3 potions of curing {unknown}
 j - a potion of mutation {unknown}
 l - 2 potions of lignification {unknown}
 m - a potion of ambrosia {unknown}
 t - 2 potions of haste {unknown}
 v - 5 potions of flight {unknown}
 z - 2 potions of agility {unknown}
 E - 2 potions of resistance {unknown}
 Q - 2 potions of magic {unknown}
 R - a potion of degeneration {unknown}
Miscellaneous
 J - a lamp of fire
Comestibles
 d - 10 rations
 S - a chunk of flesh


   Skills:
 + Level 9.1 Dodging
 - Level 2.4 Stealth
 + Level 11.9 Spellcasting
 + Level 9.5 Conjurations
   Level 1.1 Summonings
 - Level 2.2 Translocations
 + Level 9.2 Fire Magic
 - Level 2.0 Air Magic
 - Level 3.1 Poison Magic


You had 21 spell levels left.
You knew the following spells:

 Your Spells              Type           Power        Failure   Level  Hunger
a - Magic Dart            Conj           ####         1%          1    None
b - Blink                 Tloc           N/A          2%          2    None
c - Conjure Flame         Conj/Fire      ######..     1%          3    None
d - Mephitic Cloud        Conj/Pois/Air  #####...     1%          3    None
e - Dazzling Spray        Conj/Hex       #####.       1%          3    None

Your spell library contained the following spells:

 Spells                   Type           Power        Failure   Level  Hunger
 Call Imp                 Summ           ###.....     3%          2    None
 Slow                     Hex            ###.....     5%          2    None


Dungeon Overview and Level Annotations

Branches:
Dungeon (12/15)            Temple (1/1) D:4            Lair (1/6) D:9
    Orc (0/2) D:10

Altars:
Ashenzari
Cheibriados
Dithmenos
Elyvilon
Fedhas
Gozag
Hepliaklqana
Kikubaaqudgha
Makhleb
Nemelex Xobeh
Okawaru
Qazlal
Ru
Sif Muna
Trog
Uskayaw
Vehumet
Wu Jian
Xom
Yredelemnul
Zin
The Shining One

Shops:
D:4 =*[   D:7 [

Annotations:
D:5 exclusion: door
D:9 exclusion: downstairs
D:10 2 transporters, exclusions: ice statue and orange crystal statue, KrasnyyBoyets's ghost, journeyman DDFi


Message History

Casting: Magic Dart (safe; 1% risk of failure)
Confirm with . or Enter, or press ? or * to list all spells.
Aiming: Magic Dart (safe; 1% risk of failure)
Press: ? - help, Shift-Dir - straight line, f/p - vampire mosquito
Aim: a vampire mosquito (moderately damaged)
The magic dart hits the vampire mosquito.
The vampire mosquito is heavily damaged.
The steam dragon breathes steam at you. The ball of steam hits you!!
* * * LOW HITPOINT WARNING * * *
Casting: Magic Dart (safe; 1% risk of failure)
Confirm with . or Enter, or press ? or * to list all spells.
Aiming: Mephitic Cloud (safe; 1% risk of failure)
Press: ? - help, Shift-Dir - straight line, p - vampire mosquito The ball explodes into a vile cloud!
The stinking cloud engulfs the vampire mosquito but does no damage.
The vampire mosquito is heavily damaged.
The stinking cloud engulfs the steam dragon but does no damage.
You are engulfed in a cloud of scalding steam.
You die...

.... ##..#...#..##.#...
... #<..#.............
.. #..##....#........ .
##.#.....##....... .
#................
..####
##÷.#..###.......
#.....# #..##
###.......
#.....§##...####...#
#...§@§y☼...#§...##
......§##§☼D........#
.........#.○....§...#
.........#......§...#
...........##..§..§....
..........##...§§§)....
......##..
##...D.......
.......... #..§.D..#...
..... #.......##.


You could see a steam dragon and a vampire mosquito.

Vanquished Creatures
  A two-headed ogre (D:11)
  A komodo dragon (D:9)
  4 trolls
  3 hippogriffs
  A wyvern (D:8)
  A wraith (D:10)
  8 yaks
  2 hungry ghosts (D:10)
  A warg (D:10)
  2 water moccasins
  2 ice beasts
  A black bear (D:6)
  A sky beast (D:9)
  An orc warrior (D:10)
  4 ogres
  2 phantoms
  8 centaurs
  2 bullfrogs
  A scorpion (D:5)
  11 wights
  6 crimson imps
  2 centaur zombies
  3 hounds
  3 jellies
  A bullfrog skeleton (D:7)
  11 orc priests
  4 centaur skeletons
  5 iguanas
  6 orc wizards
  6 worker ants
  A hound zombie (D:5)
  A hound skeleton (D:8)
  A worker ant zombie (D:10)
  15 gnolls
  9 adders
  A shadow imp (D:5)
  2 oozes
  An adder zombie (D:6)
  A worm (D:3)
  3 dart slugs
  3 leopard geckos
  24 orcs
  A ball python (D:1)
  8 bats
  4 giant cockroaches
  11 goblins
  11 hobgoblins
  10 jackals
  4 quokkas
  10 frilled lizards
  A giant cockroach zombie (D:5)
  8 kobolds
  7 rats
241 creatures vanquished.

Vanquished Creatures (others)
  A vampire mosquito (D:12)
  A plant (D:9)
2 creatures vanquished.

Grand Total: 243 creatures vanquished

Notes
Turn   | Place    | Note
-------+----------+-------------------------------------------
     0 | D:1      | pk666 the Deep Elf Wizard began the quest for the Orb.
     0 | D:1      | Reached XP level 1. HP: 10/10 MP: 7/7
   199 | D:1      | Reached XP level 2. HP: 15/15 MP: 2/9
   633 | D:1      | Reached skill level 5 in Spellcasting
   678 | D:1      | Reached XP level 3. HP: 19/19 MP: 8/11
   682 | D:1      | Learned a level 2 spell: Blink
   686 | D:1      | Learned a level 3 spell: Conjure Flame
   690 | D:1      | Learned a level 3 spell: Mephitic Cloud
  1444 | D:1      | Reached skill level 1 in Fire Magic
  1444 | D:1      | Reached XP level 4. HP: 24/24 MP: 2/13
  1512 | D:1      | Reached skill level 1 in Poison Magic
  2160 | D:2      | Found a faded altar of an unknown god.
  3150 | D:3      | Reached XP level 5. HP: 28/28 MP: 11/15
  3169 | D:3      | Found a sacrificial altar of Ru.
  3633 | D:3      | Found a sparkling altar of Nemelex Xobeh.
  3636 | D:3      | Found a blossoming altar of Fedhas.
  3863 | D:4      | Noticed an ogre
  3893 | D:4      | Reached skill level 6 in Spellcasting
  3894 | D:4      | Found a white marble altar of Elyvilon.
  4014 | D:4      | Killed an ogre
  4014 | D:4      | Reached XP level 6. HP: 26/32 MP: 3/17
  4138 | D:4      | Found Bigaac Quon's General Store.
  4219 | D:4      | Found Tuohaaf's Armour Shop.
  4452 | D:4      | Found Guorag's Jewellery Shop.
  4600 | D:4      | Found a staircase to the Ecumenical Temple.
  4697 | Temple   | Entered the Ecumenical Temple
  4804 | Temple   | Became a worshipper of Vehumet
  4943 | D:5      | Entered Level 5 of the Dungeon
  5348 | D:5      | Reached skill level 1 in Air Magic
  5348 | D:5      | Reached XP level 7. HP: 36/36 MP: 10/19
  5550 | D:5      | Reached skill level 7 in Spellcasting
  6269 | D:5      | Reached skill level 5 in Conjurations
  6398 | D:5      | Noticed a troll
  6419 | D:5      | Killed a troll
  6419 | D:5      | Reached XP level 8. HP: 41/41 MP: 1/21
  6580 | D:6      | Reached skill level 8 in Spellcasting
  6752 | D:6      | Reached skill level 5 in Fire Magic
  6929 | D:6      | Reached * piety under Vehumet
  6929 | D:6      | Offered knowledge of Flame Tongue by Vehumet.
  7458 | D:7      | Found a sacrificial altar of Ru.
  7485 | D:7      | HP: 1/41 [centaur/arrow (14)]
  8588 | D:7      | Reached skill level 5 in Dodging
  8693 | D:7      | Reached skill level 9 in Spellcasting
  8693 | D:7      | Reached XP level 9. HP: 45/45 MP: 11/24
  8787 | D:7      | Found Omotiymp's Armour Shop.
 10391 | D:9      | Found a staircase to the Lair.
 10392 | D:9      | Noticed a komodo dragon
 10810 | D:9      | Offered knowledge of Shock by Vehumet.
 10886 | D:9      | Reached ** piety under Vehumet
 11251 | D:9      | Found the +2 pair of boots of the Assassin {Detection Stab+
                  | Stlth++}
 12609 | D:9      | Killed a komodo dragon
 12609 | D:9      | Reached skill level 10 in Spellcasting
 12779 | Lair:1   | Entered Level 1 of the Lair of Beasts
 13141 | D:10     | Entered Level 10 of the Dungeon
 13636 | D:10     | Reached XP level 10. HP: 50/50 MP: 3/26
 13996 | D:10     | Found a staircase to the Orcish Mines.
 14622 | D:10     | Found a transporter.
 14626 | D:10     | Noticed KrasnyyBoyets's ghost (journeyman DDFi)
 14637 | D:10     | Noticed a moth of wrath
 14653 | D:10     | Found a transporter.
 14740 | D:10     | Noticed an orange crystal statue
 14974 | D:10     | Noticed an ice statue
 15009 | D:10     | Offered knowledge of Dazzling Spray by Vehumet.
 15051 | D:10     | Reached skill level 11 in Spellcasting
 15178 | D:10     | Learned a level 3 spell: Dazzling Spray
 15694 | D:11     | Noticed a two-headed ogre
 15883 | D:11     | Killed a two-headed ogre
 16162 | D:11     | Reached *** piety under Vehumet
 16841 | D:11     | Found a stormy altar of Qazlal.
 17154 | D:11     | Reached XP level 11. HP: 54/54 MP: 10/28
 17991 | D:12     | HP: 1/54 [steam dragon/ball of steam (21)]
 17992 | D:12     | Engulfed by a steam dragon's steam

Levels and vault maps discovered:
D:1:      dpeg_arrival_solitude, layout_rooms
D:2:      layout_basic, chequers_ecumenical_altar_lobes, st_stairs_12,
          kennysheep_generic_room_6
D:3:      layout_loops_ring, minitemple
D:4:      layout_cave_pools, nicolae_overflow_crystal_walls, temple_hall,
          serial_shops, kennysheep_mini_moat, shop, nicolae_shop_waterfront
D:5:      cheibrodos_two_vegetables, layout_loops_corners, first_ration,
          nzn_random_ring
D:6:      layout_rooms, kennysheep_cluttered_room
D:7:      layout_basic, serial_shops, shop, nicolae_ru_awakened_eye
D:8:      layout_loops_ring, kennysheep_minor_cross
D:9:      layout_grid_maze, david_lair_shrubbed
D:10:     minmay_separated_statues, layout_basic, erik_orc_4,
          gammafunk_ghost_berserking_beasts
D:11:     layout_irregular_city, basic_altar
D:12:     layout_cave_pools, serial_shops, shop
Temple:   dpeg_five_rooms_temple
Lair:1:   layout_cave_pods

Skill      XL: |  1  2  3  4  5  6  7  8  9 10 |
---------------+-------------------------------+-----
Dodging        | 3 5 7 9 |  9.1
Conjurations   | 2 3 4 5 6 8 9 |  9.5
Spellcasting   | 5 6 7 9 10 11 | 11.9
Fire Magic     | 1 2 3 4 6 7 9 |  9.2
Poison Magic   | 1 2 3 |  3.1
Translocations | 2 |  2.2
Air Magic      | 1 2 |  2.0
Stealth        | |  2.4
Summonings     | |  1.1

Action                   |  1- 3 |  4- 6 |  7- 9 | 10-12 || total
-------------------------+-------+-------+-------+-------++-------
Melee: Dagger            |     1 |     8 |    21 |     6 ||    36
 Cast: Magic Dart        |    88 |   192 |   511 |   261 ||  1052
       Conjure Flame     |     1 |     7 |    35 |    26 ||    69
       Mephitic Cloud    |     1 |     3 |    35 |    29 ||    68
       Blink             |     1 |       |     9 |     6 ||    16
       Dazzling Spray    |       |       |       |    47 ||    47
Evoke: Wand              |       |       |     3 |       ||     3
  Use: Scroll            |       |       |     1 |       ||     1
 Stab: Confused          |       |       |     2 |       ||     2
  Eat: Chunk             |     1 |     9 |    16 |    15 ||    41
       Ration            |       |     1 |     2 |       ||     3
Armor: Robe              |     2 |     1 |     7 |    11 ||    21
Dodge: Dodged            |     7 |    30 |    48 |    63 ||   148

Table legend:
 A = Non-vault XP
 B = Vault XP
 C = Vault XP percentage of total XP
 D = Non-vault monster count
 E = Vault monster count
 F = Vault count percentage of total count
                 A         B        C        D         E       F
            +---------+---------+-------+---------+---------+-------
      Total |    9980 |    1600 |  13.8 |     213 |      29 |  12.0
            +---------+---------+-------+---------+---------+-------
        D:1 |      85 |       2 |   2.3 |      33 |       1 |   2.9
        D:2 |      41 |       5 |  10.9 |      11 |       2 |  15.4
        D:3 |     160 |       0 |   0.0 |      35 |       0 |   0.0
        D:4 |     326 |       0 |   0.0 |       6 |       0 |   0.0
        D:5 |     268 |     700 |  72.3 |      12 |       8 |  40.0
        D:6 |     448 |       0 |   0.0 |      13 |       0 |   0.0
        D:7 |     881 |       0 |   0.0 |      17 |       0 |   0.0
        D:8 |     576 |       0 |   0.0 |      11 |       0 |   0.0
        D:9 |     835 |     355 |  29.8 |      17 |       1 |   5.6
       D:10 |    2447 |     538 |  18.0 |      23 |      17 |  42.5
       D:11 |    3645 |       0 |   0.0 |      31 |       0 |   0.0
       D:12 |     111 |       0 |   0.0 |       3 |       0 |   0.0
     Lair:1 |     157 |       0 |   0.0 |       1 |       0 |   0.0
            +---------+---------+-------+---------+---------+-------
